 Dungeon Crawl Stone Soup version 0.29.0-15-g675c0067aa (webtiles) character file.

Game seed: 4033633844705235994

136227 qw the Peltast (level 17, -72/97 HPs)
             Began as a Gargoyle Fighter on Sept 11, 2022.
             Was an Elder of Okawaru.
             Killed from afar by Nikola (74 damage)
             ... with an arc of chain lightning
             ... on level 1 of the Swamp on Sept 12, 2022.
             The game lasted 00:12:47 (32820 turns).

qw the Peltast (Gargoyle Fighter)                  Turns: 32820, Time: 00:12:47

Health: -72/97     AC: 50    Str: 34    XL:     17   Next: 21%
Magic:  22/24      EV: 16    Int: 12    God:    Okawaru [****..]
Gold:   321        SH: 27    Dex: 12    Spells: 16/16 levels left

rFire   + . .      SeeInvis .   q - +4 broad axe (flame)
rCold   . . .      Faith    .   n - +0 tower shield
rNeg    + + .      Spirit   .   v - +6 shadow dragon scales of Conscience {Int+6 Stlth++++}
rPois   inf        Reflect  +   z - +2 helmet
rElec   +          Harm     .   e - +0 cloak of Eternity {Rampage +Inv rPois rN+}
rCorr   .          Rampage  +   i - +2 pair of gloves
Will    +....                   A - +1 pair of boots
Stlth   ++++......              p - amulet of reflection
HPRegen 0.26/turn               C - ring of the Heavens {Wiz rF+ Str+5 Dex+3}
MPRegen 0.19/turn               D - +4 ring of evasion

@: about to teleport, heroic, flying
A: sickness immunity, AC +12, big wings, negative energy resistance 1,
electricity resistance, torment resistance 1, petrification resistance, dopey 1,
frail 1, noise suppression, devolution 1
a: Renounce Religion, Evoke Invisibility, Heroism, Finesse


You were on level 1 of the Swamp.
You worshipped Okawaru.
Okawaru was greatly pleased with you.
You visited 6 branches of the dungeon, and saw 27 of its levels.
You visited 1 bazaar.
You also visited: Gauntlet.

You collected 2909 gold pieces.
You spent 2588 gold pieces at shops.


Innate Abilities, Weirdness & Mutations

You are immune to sickness and miasma.
Your stone body is resilient. (AC +12)
You are immune to poison.
Your large and strong wings let you fly.
You resist negative energy. (rN+)
You are resistant to electric shocks. (rElec)
You are resistant to unholy torment.
You are immune to petrification.
You are dopey. (Int -2)
You are frail. (-10% HP)
You passively dampen the noise of your surroundings.
You have hidden genetic defects.


   Skills:
 - Level 13.0(18.0) Fighting
 - Level 17.0(22.0) Axes
 - Level 5.0(10.0) Throwing
 - Level 12.3(17.3) Armour
 + Level 3.7(8.7) Dodging
 - Level 17.0(22.0) Shields
 - Level 10.0 Invocations


You had 16 spell levels left.
You didn't know any spells.
Your spell library was empty.

Inventory:

Hand Weapons
 q - a +4 broad axe of flaming (weapon)
Missiles
 f - 25 boomerangs
 s - 2 silver boomerangs
 w - 3 boomerangs of dispersal
 x - 8 javelins (quivered)
Armour
 e - the +0 cloak of Eternity (worn) {Rampage +Inv rPois rN+}
   (You acquired it on level 2 of the Dungeon)

   rPois:     It protects you from poison.
   rN:        It protects you from negative energy.
   +Inv:      It lets you turn invisible.
   Rampage:   It bestows one free step when moving towards enemies.
 i - a +2 pair of gloves (worn)
 n - a +0 tower shield (worn)
 v - the +6 shadow dragon scales of Conscience (worn) {Int+6 Stlth++++}
   (Okawaru gifted it to you on level 1 of the Spider Nest)

   Int:       It affects your intelligence (+6).
   Stlth:     It makes you much more stealthy.
 z - a +2 helmet (worn)
 A - a +1 pair of boots (worn)
Jewellery
 j - a ring of resist corrosion
 p - an amulet of reflection (around neck)
 y - the amulet "Egalax" {Reflect -Tele MP+9 Dex+4 SH+5 SInv}
   (You found it in a Gauntlet)

   [amulet of reflection]

   It reflects blocked missile attacks.
   Dex:       It affects your dexterity (+4).
   MP:        It affects your magic capacity (+9).
   SInv:      It lets you see invisible.
   -Tele:     It prevents most forms of teleportation.
   SH:        It affects your SH (+5).
 B - a ring of protection from cold
 C - the ring of the Heavens (left hand) {Wiz rF+ Str+5 Dex+3}
   (You found it on level 3 of the Spider Nest)

   [ring of wizardry]

   It improves your spell success rate.
   Str:       It affects your strength (+5).
   Dex:       It affects your dexterity (+3).
   rF:        It protects you from fire.
 D - a +4 ring of evasion (right hand)
 E - the ring of Balance {Ice Will- Str-3 Dex+6}
   (You bought it in a shop in a bazaar)

   [ring of ice]

   It enhances your ice magic.
   Str:       It affects your strength (-3).
   Dex:       It affects your dexterity (+6).
   rF:        It makes you vulnerable to fire.
   rC:        It protects you from cold.
   Will:      It decreases your willpower.
 F - a ring of protection from cold
Scrolls
 b - 14 scrolls of identify
 g - 2 scrolls of teleportation
 t - 5 scrolls of blinking
Potions
 a - 5 potions of attraction
 c - a potion of resistance
 d - 2 potions of might
 h - 5 potions of haste
 l - 12 potions of curing
 m - 3 potions of cancellation
 o - 7 potions of lignification
 r - a potion of magic
 u - a potion of heal wounds

Dungeon Overview and Level Annotations

Branches:
Dungeon (15/15)            Temple (1/1) D:4            Lair (5/5) D:8
  Swamp (1/4) Lair:2       Spider (3/4) Lair:3        Slime (0/5) Lair:4
    Orc (2/2) D:9             Elf (0/3) Orc:2        Vaults (0/5) D:14
 Depths (0/4) D:15        Gauntlet (visited)

Altars:
Ashenzari
Cheibriados
Dithmenos
Elyvilon
Fedhas
Gozag
Hepliaklqana
Kikubaaqudgha
Makhleb
Nemelex Xobeh
Okawaru
Qazlal
Ru
Sif Muna
Trog
Uskayaw
Vehumet
Wu Jian
Xom
Yredelemnul
Zin
The Shining One
Jiyva

Shops:
D:1 (   D:6 *!   D:10 :   D:15 *   Orc:2 ([**

Portals:
Trove: D:11 (give +3 ice dragon scales)

Annotations:
D:4 3 runed translucent doors, qw's ghost, weakling GrDe
Swamp:1 Nikola


Message History

You see here a vampire mosquito corpse.
x - 8 javelins (gained 1) Nikola the Mad Inventor comes into view.
He is wielding a +0 rapier of electrocution and wearing a +0 cloak of stealth.
Found a book of Unlife.
Enter note:
32714 ||| Stepping ~*~*~tactically~*~*~ (hiding).
You start waiting.
Done waiting.
Nikola shouts!
Nikola raves, "Can you feel it? Can you feel it?
CAN YOU FEEL IT?"
Nikola gestures wildly while chanting.
Lightning arcs from Nikola's hands!
The bolt of lightning hits you!!! You resist.
A bolt of lightning appears from out of thin air!
The bolt of lightning hits Nikola.
You hear a roar!
32816 ||| INVOKING Heroism.
You gain the combat prowess of a mighty hero.
You can no longer enter into single combat with a foe.
Okawaru will no longer gift you equipment.
Nikola casts a spell.
Nikola blinks!
You slash Nikola! You burn Nikola.
Nikola is lightly wounded.
You slash Nikola! You burn Nikola.
Nikola is lightly wounded.
Nikola gestures wildly while chanting.
Lightning arcs from Nikola's hands!
The bolt of lightning hits you!!! You resist.
A bolt of lightning appears from out of thin air!
The bolt of lightning hits Nikola!
You hear a shout! x3
32820 ||| READING 3 scrolls of teleportation.
As you read the scroll of teleportation, it crumbles to dust.
You feel strangely unstable.
Nikola casts a spell.
Lightning arcs from Nikola's hands!
The bolt of lightning hits you!!!! You resist.
Ouch! That really hurt!
You die...

....~
77.~~~..~~...7
77..7
7~.~~~....~~~.
77
777..~~~.7~.~~~~
~
7.~~~~~~~7..~~~¤
~~ 7.~~~~¤.77
..~~. .~.7
7.......~7 7...7
..~~.7~...7...7


7777 .~.~~.~.~~77777 ~7....~@~...7 7777~.@~...7 77......... 777......: 77~~~¤.77
77.~~.7 7..77 777 You could see Nikola.

Vanquished Creatures
  Saint Roka (Orc:2)
  Arachne (Spider:2)
  Frances (Spider:2)
  3 ghost moths (Spider:2)
  A broodmother (Spider:2)
  2 entropy weavers (Spider:2)
  A minotaur (Gauntlet)
  Azrael (D:15)
  Snorg (D:11)
  A fire dragon (D:15)
  5 vault guards
  8 hydras
  7 boulder beetles
  4 catoblepae
  Erolcha (Orc:2)
  3 radroaches
  10 death yaks (Lair:5)
  2 jorogumos
  6 centaur warriors
  4 two-headed ogres
  2 orc high priests
  Urug (Orc:1)
  A fire crab (D:15)
  5 skeletal warriors (D:15)
  4 pharaoh ants
  Lodul (D:11)
  5 steelbarb worms
  5 orb spiders
  3 spectral wolf spiders (Spider:1)
  2 wizards (D:15)
  A deep elf zephyrmancer (D:15)
  A necromancer (D:15)
  2 orc knights (Orc:2)
  2 wolf spider zombies (Spider:1)
  13 wolf spiders
  3 deep elf pyromancers
  A cyclops (Orc:1)
  2 orc sorcerers
  15 ugly things
  4 manticores
  A moth of wrath (Spider:2)
  A naga mage (D:15)
  2 molten gargoyles (Gauntlet)
  6 black mambas
  A centaur zombie (D:15)
  5 gargoyles
  6 torpor snails
  Psyche (D:10)
  8 cane toads
  6 demonic crawlers
  A rime drake (Lair:4)
  A minotaur zombie (Gauntlet)
  An unseen horror (D:11)
  A freezing wraith (D:14)
  2 efreet
  6 komodo dragons
  2 ice devils (D:11)
  A tengu conjurer (D:14)
  A harpy zombie (D:15)
  8 trolls
  2 hornets
  9 tarantellas
  5 wolf spider simulacra (Spider:1)
  14 blink frogs
  Grinder (D:3)
  4 polar bears (Lair:1)
  18 slime creatures
  A meliai zombie (D:15)
  6 dream sheep (Lair:4)
  17 culicivoras
  Sigmund (D:3)
  A centaur simulacrum (D:14)
  13 jumping spiders
  A wyvern (Lair:1)
  44 yaks
  2 shadows
  3 fire elementals (D:15)
  4 wraiths
  4 basilisks
  42 redbacks
  A human (shapeshifter) (D:15)
  3 steam dragons
  11 vampire mosquitoes
  2 wargs (Orc:2)
  2 swamp worms (Gauntlet)
  12 water moccasins
  5 hell hounds (D:15)
  4 ice beasts
  A black bear (shapeshifter) (D:14)
  32 orc warriors
  A sky beast (D:6)
  15 ogres
  A black bear (D:6)
  28 wolves
  8 centaurs
  A phantom (D:5)
  2 kobold brigands
  8 bullfrogs
  2 gnoll sergeants (D:8)
  2 necrophages
  2 scorpions
  13 wights
  9 killer bees (D:10)
  A howler monkey (D:11)
  8 electric eels
  2 gnoll boudas
  5 hounds
  2 jellies
  24 orc priests
  37 orc wizards
  18 gnolls
  5 adders
  2 white imps (D:7)
  2 worms
  A dart slug (D:1)
  92 orcs
  3 bats (D:1)
  5 endoplasms
  8 goblins
  4 hobgoblins
  14 kobolds
  8 quokkas
  3 ball pythons
  5 frilled lizards
  5 rats
808 creatures vanquished.

Vanquished Creatures (others)
  20 fungi
  42 plants
  A withered plant (Gauntlet)
63 creatures vanquished.

Grand Total: 871 creatures vanquished

Notes
Turn   | Place    | Note
-------+----------+-------------------------------------------
     0 | D:1      | qw the Gargoyle Fighter began the quest for the Orb.
     0 | D:1      | Reached XP level 1. HP: 14/14 MP: 1/1
     0 | D:1      | 0 ||| qw: Version: 0.1-a-119-g272c26d
     0 | D:1      | 0 ||| qw: Game counter: 10742
     0 | D:1      | 0 ||| qw: Always use a shield: true
     0 | D:1      | 0 ||| qw: God list: Okawaru
     0 | D:1      | 0 ||| qw: Allow faded altars: false
     0 | D:1      | 0 ||| qw: Do Orc after D:15 true
     0 | D:1      | 0 ||| qw: Do second Lair branch before Depths: true
     0 | D:1      | 0 ||| qw: Lair rune preference: random
     0 | D:1      | 0 ||| qw: Plans: Normal, Zot, God:TSO, Crypt, Tomb, Pan,
                  | Slime, Hells, Zig, Abyss, Orb
     0 | D:1      | 0 ||| PLANNING D:1-11
    15 | D:1      | Found Bumolen's Weapon Boutique.
    23 | D:1      | 23 ||| SHOPLISTING +0 mace (30 gold, have 0).
   236 | D:1      | Reached XP level 2. HP: 19/19 MP: 2/2
   621 | D:1      | Reached skill level 3 in Axes
   621 | D:1      | Reached XP level 3. HP: 10/23 MP: 3/3
   848 | D:1      | 848 ||| Stepping ~*~*~tactically~*~*~ (stealth).
   899 | D:1      | 899 ||| DROPPING +0 club.
   926 | D:1      | 926 ||| DROPPING ring of flight.
   927 | D:1      | 927 ||| READING scroll labelled JENLUAD FEZIM.
   928 | D:1      | 928 ||| READING scroll labelled XEOGEA EDGHIUQ.
   999 | D:2      | 999 ||| Stepping ~*~*~tactically~*~*~ (stealth).
  1394 | D:2      | Reached XP level 4. HP: 28/28 MP: 4/4
  1697 | D:2      | 1697 ||| DROPPING +0 leather armour of willpower.
  1698 | D:2      | 1698 ||| READING 2 scrolls labelled EHEUSO HERCHOIRESM.
  1702 | D:2      | 1702 ||| READING scroll labelled WOTZIR DAPSAAVVA.
  1703 | D:2      | 1703 ||| READING scroll labelled ACOYTI SEFODGH.
  1703 | D:2      | Identified a scroll of acquirement
  1703 | D:2      | 1703 ||| ACQUIRING +0 cloak of Eternity {Rampage +Inv rPois
                  | rN+}
  1703 | D:2      | Acquired the +0 cloak of Eternity {Rampage +Inv rPois rN+}
  1705 | D:2      | 1705 ||| UPGRADING to +0 cloak of Eternity {Rampage +Inv
                  | rPois rN+}.
  1716 | D:3      | Noticed Grinder
  1718 | D:3      | 1718 ||| Stepping ~*~*~tactically~*~*~ (hiding).
  1772 | D:3      | Paralysed by Grinder for 2 turns
  1780 | D:3      | Paralysed by Grinder for 4 turns
  1782 | D:3      | HP: 7/28 [Grinder (8)]
  1784 | D:3      | 1784 ||| READING scroll of teleportation.
  2167 | D:3      | 2167 ||| Stepping ~*~*~tactically~*~*~ (hiding).
  2172 | D:3      | Paralysed by Grinder for 4 turns
  2180 | D:3      | Paralysed by Grinder for 2 turns
  2195 | D:3      | Paralysed by Grinder for 4 turns
  2218 | D:3      | 2218 ||| FLEEEEING.
  2224 | D:3      | 2224 ||| FLEEEEING.
  2225 | D:3      | 2225 ||| FLEEEEING.
  2233 | D:3      | 2233 ||| FLEEEEING.
  2234 | D:3      | 2234 ||| FLEEEEING.
  2235 | D:3      | 2235 ||| FLEEEEING.
  2236 | D:3      | 2236 ||| FLEEEEING.
  2237 | D:3      | 2237 ||| FLEEEEING.
  2239 | D:3      | 2239 ||| FLEEEEING.
  2240 | D:3      | 2240 ||| FLEEEEING.
  2245 | D:3      | 2245 ||| FLEEEEING.
  2246 | D:3      | 2246 ||| FLEEEEING.
  2247 | D:3      | 2247 ||| FLEEEEING.
  2248 | D:3      | 2248 ||| FLEEEEING.
  2249 | D:3      | 2249 ||| FLEEEEING.
  2250 | D:3      | 2250 ||| FLEEEEING.
  2251 | D:3      | 2251 ||| FLEEEEING.
  2252 | D:3      | 2252 ||| FLEEEEING.
  2253 | D:3      | 2253 ||| STAIRDANCE
  2415 | D:2      | 2415 ||| UPGRADING to +0 chain mail.
  2425 | D:2      | 2425 ||| DROPPING +0 scale mail.
  2426 | D:2      | 2426 ||| READING scroll labelled UNOTODW NE HEMN.
  2430 | D:3      | 2430 ||| Stepping ~*~*~tactically~*~*~ (hiding).
  2448 | D:3      | 2448 ||| FLEEEEING.
  2449 | D:3      | 2449 ||| STAIRDANCE
  2503 | D:3      | Killed Grinder
  2504 | D:3      | Reached XP level 5. HP: 15/32 MP: 5/5
  2504 | D:3      | Reached XP level 6. HP: 18/37 MP: 6/6
  2727 | D:3      | 2727 ||| READING scroll of enchant weapon.
  2727 | D:3      | 2727 ||| ENCHANTING +1 war axe.
  2893 | D:3      | Noticed Sigmund
  2925 | D:3      | HP: 6/37 [Sigmund/puff of flame (6)]
  2931 | D:3      | HP: 2/37 [Sigmund/+0 scythe (3)]
  2941 | D:3      | Killed Sigmund
  3454 | D:3      | 3454 ||| DROPPING ring of wizardry.
  3455 | D:3      | 3455 ||| READING 3 scrolls labelled DYUTUS VYNON.
  3456 | D:3      | 3456 ||| READING scroll labelled XEG MURUCWARGHA.
  3457 | D:3      | 3457 ||| DRINKING 2 viscous purple potions.
  3489 | D:3      | 3489 ||| READING 2 scrolls of identify.
  3489 | D:3      | 3489 ||| IDENTIFYING puce potion
  3517 | D:4      | 3517 ||| PLANNING SEWER
  3550 | D:4      | 3550 ||| Stepping ~*~*~tactically~*~*~ (stealth).
  3555 | D:4      | HP: 9/40 [ogre/+0 giant club (17)]
  3556 | D:4      | 3556 ||| DRINKING potion of heal wounds.
  3559 | D:4      | Reached skill level 6 in Axes
  3559 | D:4      | Reached XP level 7. HP: 36/44 MP: 7/7
  3737 | D:4      | 3737 ||| Stepping ~*~*~tactically~*~*~ (stealth).
  3767 | D:4      | Reached skill level 1 in Dodging
  3901 | D:4      | 3901 ||| Stepping ~*~*~tactically~*~*~ (stealth).
  3903 | D:4      | 3903 ||| Stepping ~*~*~tactically~*~*~ (stealth).
  3905 | D:4      | 3905 ||| Stepping ~*~*~tactically~*~*~ (hiding).
  3930 | D:4      | 3930 ||| Stepping ~*~*~tactically~*~*~ (stealth).
  3931 | D:4      | 3931 ||| Stepping ~*~*~tactically~*~*~ (stealth).
  3940 | D:4      | 3940 ||| Stepping ~*~*~tactically~*~*~ (stealth).
  3941 | D:4      | 3941 ||| Stepping ~*~*~tactically~*~*~ (stealth).
  3943 | D:4      | 3943 ||| Stepping ~*~*~tactically~*~*~ (stealth).
  4254 | D:4      | 4254 ||| RIP SEWER
  4255 | D:4      | 4255 ||| PLANNING D:1-11
  4382 | D:4      | Found a runed translucent gate.
  4384 | D:4      | Found a runed translucent gate.
  4384 | D:4      | Found a runed translucent gate.
  4384 | D:4      | Noticed qw's ghost (weakling GrDe)
  4397 | D:4      | Found a staircase to the Ecumenical Temple.
  4398 | D:4      | 4398 ||| PLANNING TEMPLE
  4398 | D:4      | 4398 ||| FLEEEEING.
  4399 | D:4      | 4399 ||| FLEEEEING.
  4400 | D:4      | 4400 ||| FLEEEEING.
  4401 | D:4      | 4401 ||| FLEEEEING.
  4402 | D:4      | 4402 ||| FLEEEEING.
  4403 | D:4      | 4403 ||| FLEEEEING.
  4404 | D:4      | 4404 ||| FLEEEEING.
  4405 | D:4      | 4405 ||| FLEEEEING.
  4406 | D:4      | 4406 ||| FLEEEEING.
  4407 | D:4      | 4407 ||| FLEEEEING.
  4408 | D:4      | 4408 ||| FLEEEEING.
  4409 | D:4      | 4409 ||| FLEEEEING.
  4410 | D:4      | 4410 ||| FLEEEEING.
  4411 | D:4      | 4411 ||| FLEEEEING.
  4412 | D:4      | 4412 ||| FLEEEEING.
  4413 | D:4      | 4413 ||| FLEEEEING.
  4414 | D:4      | 4414 ||| FLEEEEING.
  4415 | D:4      | 4415 ||| FLEEEEING.
  4416 | D:4      | 4416 ||| FLEEEEING.
  4417 | D:4      | 4417 ||| FLEEEEING.
  4418 | D:4      | 4418 ||| STAIRDANCE
  4420 | D:3      | 4420 ||| UPGRADING to amulet of reflection.
  4425 | D:3      | 4425 ||| READING scroll labelled CILEYPA EZIEXA.
  4426 | D:3      | 4426 ||| READING scroll labelled CEASTI GAXORR.
  4427 | D:3      | 4427 ||| DRINKING 2 brown potions.
  4428 | D:3      | 4428 ||| READING 2 scrolls of identify.
  4428 | D:3      | 4428 ||| IDENTIFYING sedimented ruby potion
  4429 | D:3      | 4429 ||| DROPPING potion of degeneration.
  4433 | D:4      | 4433 ||| STAIRDANCE
  4462 | Temple   | Entered the Ecumenical Temple
  4551 | Temple   | 4551 ||| PLANNING D:1-11
  4571 | Temple   | Became a worshipper of Warmaster Okawaru
  4611 | D:5      | Entered Level 5 of the Dungeon
  4726 | D:5      | 4726 ||| Stepping ~*~*~tactically~*~*~ (stealth).
  4728 | D:5      | 4728 ||| Stepping ~*~*~tactically~*~*~ (stealth).
  4854 | D:5      | Reached skill level 1 in Throwing
  4892 | D:5      | 4892 ||| Stepping ~*~*~tactically~*~*~ (stealth).
  4894 | D:5      | 4894 ||| Stepping ~*~*~tactically~*~*~ (hiding).
  4895 | D:5      | 4895 ||| Stepping ~*~*~tactically~*~*~ (hiding).
  4897 | D:5      | 4897 ||| Stepping ~*~*~tactically~*~*~ (hiding).
  4904 | D:5      | Reached XP level 8. HP: 49/49 MP: 8/8
  5017 | D:5      | 5017 ||| Stepping ~*~*~tactically~*~*~ (hiding).
  5061 | D:5      | 5061 ||| DROPPING +0 whip.
  5481 | D:5      | 5481 ||| READING scroll labelled UGUL RODERCH.
  5532 | D:5      | 5532 ||| READING 2 scrolls labelled EGI AMOKURGHAO.
  5533 | D:5      | 5533 ||| DRINKING 2 purple potions.
  5534 | D:5      | 5534 ||| READING 4 scrolls of identify.
  5534 | D:5      | 5534 ||| IDENTIFYING bubbling silvery potion
  5535 | D:5      | 5535 ||| READING 3 scrolls of identify.
  5535 | D:5      | 5535 ||| IDENTIFYING dark potion
  5536 | D:5      | 5536 ||| DROPPING potion of brilliance.
  5537 | D:5      | 5537 ||| DROPPING scroll of noise.
  5569 | D:6      | Found Cefon's General Store.
  5613 | D:6      | Found Ovupsigo's Distillery.
  5622 | D:6      | Reached * piety under Okawaru
  5645 | D:6      | 5645 ||| BUYING potion of curing (45 gold).
  5645 | D:6      | Bought a potion of curing for 45 gold pieces
  5645 | D:6      | 5645 ||| BUYING potion of curing (45 gold).
  5645 | D:6      | Bought a potion of curing for 45 gold pieces
  5645 | D:6      | 5645 ||| BUYING potion of curing (45 gold).
  5645 | D:6      | Bought a potion of curing for 45 gold pieces
  5645 | D:6      | 5645 ||| BUYING potion of heal wounds (75 gold).
  5645 | D:6      | Bought a potion of heal wounds for 75 gold pieces
  5645 | D:6      | 5645 ||| SHOPLISTING potion of mutation (120 gold, have
                  | 74).
  5645 | D:6      | 5645 ||| SHOPLISTING potion of resistance (150 gold, have
                  | 74).
  5652 | D:6      | 5652 ||| SHOPLISTING +1 cloak of poison resistance (135
                  | gold, have 80).
  5652 | D:6      | 5652 ||| BUYING scroll of teleportation (30 gold).
  5652 | D:6      | Bought a scroll of teleportation for 30 gold pieces
  5684 | D:6      | Reached skill level 1 in Invocations
  5738 | D:6      | 5738 ||| INVOKING Heroism.
  5903 | D:6      | 5903 ||| DRINKING 4 potions of curing.
  5903 | D:6      | 5903 ||| (to cure confusion)
  5907 | D:6      | 5907 ||| Stepping ~*~*~tactically~*~*~ (hiding).
  5908 | D:6      | 5908 ||| FLEEEEING.
  5909 | D:6      | 5909 ||| FLEEEEING.
  5910 | D:6      | 5910 ||| FLEEEEING.
  5911 | D:6      | 5911 ||| FLEEEEING.
  5912 | D:6      | 5912 ||| FLEEEEING.
  5913 | D:6      | 5913 ||| FLEEEEING.
  5914 | D:6      | 5914 ||| FLEEEEING.
  5915 | D:6      | 5915 ||| FLEEEEING.
  5916 | D:6      | 5916 ||| FLEEEEING.
  5917 | D:6      | 5917 ||| FLEEEEING.
  5923 | D:6      | 5923 ||| FLEEEEING.
  5924 | D:6      | 5924 ||| FLEEEEING.
  5925 | D:6      | 5925 ||| FLEEEEING.
  5933 | D:6      | 5933 ||| STAIRDANCE
  5968 | D:5      | 5968 ||| UPGRADING to +0 pair of gloves.
  5979 | D:6      | 5979 ||| Stepping ~*~*~tactically~*~*~ (hiding).
  5980 | D:6      | 5980 ||| STAIRDANCE
  6085 | D:6      | 6085 ||| STAIRDANCE
  6092 | D:6      | 6092 ||| STAIRDANCE
  6239 | D:6      | 6239 ||| INVOKING Heroism.
  6245 | D:6      | Reached skill level 3 in Invocations
  6321 | D:6      | 6321 ||| INVOKING Heroism.
  6631 | D:6      | Reached skill level 6 in Fighting
  6631 | D:6      | Reached XP level 9. HP: 49/55 MP: 12/12
  6719 | D:6      | 6719 ||| Stepping ~*~*~tactically~*~*~ (hiding).
  6721 | D:6      | 6721 ||| INVOKING Heroism.
  6941 | D:6      | 6941 ||| UPGRADING to +0 kite shield.
  6951 | D:6      | 6951 ||| DROPPING +0 buckler.
  6952 | D:6      | 6952 ||| UPGRADING to ring of protection from cold.
  6980 | D:7      | Reached ** piety under Okawaru
  7054 | D:7      | Noticed a hornet
  7062 | D:7      | Killed a hornet
  7150 | D:7      | 7150 ||| Stepping ~*~*~tactically~*~*~ (hiding).
  7152 | D:7      | 7152 ||| Stepping ~*~*~tactically~*~*~ (stealth).
  7159 | D:7      | 7159 ||| Stepping ~*~*~tactically~*~*~ (stealth).
  7185 | D:7      | 7185 ||| READING scroll of enchant armour.
  7185 | D:7      | 7185 ||| ENCHANTING +0 pair of gloves.
  7195 | D:7      | 7195 ||| Stepping ~*~*~tactically~*~*~ (hiding).
  7201 | D:7      | Reached skill level 6 in Shields
  7201 | D:7      | 7201 ||| Stepping ~*~*~tactically~*~*~ (hiding).
  7202 | D:7      | 7202 ||| Stepping ~*~*~tactically~*~*~ (hiding).
  7226 | D:7      | 7226 ||| INVOKING Heroism.
  7494 | D:7      | 7494 ||| Stepping ~*~*~tactically~*~*~ (hiding).
  7736 | D:7      | 7736 ||| READING scroll labelled EDYFFU JICEN.
  7737 | D:7      | 7737 ||| READING scroll labelled QUZ VUROFREEGA.
  7738 | D:7      | 7738 ||| READING 2 scrolls of identify.
  7738 | D:7      | 7738 ||| IDENTIFYING amethyst potion
  7790 | D:8      | Noticed a troll
  7791 | D:8      | 7791 ||| INVOKING Heroism.
  7801 | D:8      | Killed a troll
  7837 | D:8      | 7837 ||| INVOKING Heroism.
  7866 | D:8      | 7866 ||| INVOKING Heroism.
  7883 | D:8      | Reached skill level 9 in Axes
  7883 | D:8      | Reached XP level 10. HP: 41/60 MP: 13/13
  7899 | D:8      | 7899 ||| INVOKING Heroism.
  7900 | D:8      | Found a staircase to the Lair.
  7930 | D:8      | 7930 ||| INVOKING Heroism.
  8145 | D:8      | 8145 ||| INVOKING Heroism.
  8148 | D:8      | Reached *** piety under Okawaru
  8200 | D:8      | Noticed a green ugly thing
  8211 | D:8      | Killed a green ugly thing
  8369 | D:8      | 8369 ||| Stepping ~*~*~tactically~*~*~ (stealth).
  8371 | D:8      | 8371 ||| Stepping ~*~*~tactically~*~*~ (hiding).
  8386 | D:8      | 8386 ||| INVOKING Heroism.
  8502 | D:8      | 8502 ||| Stepping ~*~*~tactically~*~*~ (stealth).
  8504 | D:8      | 8504 ||| INVOKING Heroism.
  8612 | D:8      | 8612 ||| Stepping ~*~*~tactically~*~*~ (stealth).
  8613 | D:8      | 8613 ||| INVOKING Heroism.
  8615 | D:8      | 8615 ||| Stepping ~*~*~tactically~*~*~ (stealth).
  8638 | D:8      | 8638 ||| INVOKING Heroism.
  8649 | D:8      | Reached skill level 9 in Shields
  8730 | D:8      | 8730 ||| INVOKING Heroism.
  8919 | D:8      | 8919 ||| PLANNING LAIR
  8919 | D:8      | 8919 ||| READING scroll labelled BOFYTT RIMO.
  8920 | D:8      | 8920 ||| READING 3 scrolls of identify.
  8920 | D:8      | 8920 ||| IDENTIFYING green potion
  8944 | Lair:1   | Entered Level 1 of the Lair of Beasts
  8967 | Lair:1   | 8967 ||| INVOKING Heroism.
  8980 | Lair:1   | Reached **** piety under Okawaru
  8987 | Lair:1   | 8987 ||| Stepping ~*~*~tactically~*~*~ (stealth).
  8998 | Lair:1   | 8998 ||| INVOKING Heroism.
  9013 | Lair:1   | 9013 ||| INVOKING Heroism.
  9057 | Lair:1   | 9057 ||| INVOKING Heroism.
  9067 | Lair:1   | Reached XP level 11. HP: 65/68 MP: 12/15
  9081 | Lair:1   | 9081 ||| INVOKING Heroism.
  9093 | Lair:1   | Reached skill level 6 in Invocations
  9140 | Lair:1   | 9140 ||| Stepping ~*~*~tactically~*~*~ (stealth).
  9143 | Lair:1   | 9143 ||| INVOKING Heroism.
  9147 | Lair:1   | Reached skill level 6 in Armour
  9147 | Lair:1   | Noticed a six-headed hydra
  9152 | Lair:1   | 9152 ||| SWAPPING to +0 flail of protection.
  9156 | Lair:1   | Received a gift from Okawaru
  9158 | Lair:1   | HP: 10/68 [six-headed hydra (9)]
  9159 | Lair:1   | 9159 ||| READING scroll of teleportation.
  9160 | Lair:1   | 9160 ||| DRINKING 2 potions of heal wounds.
  9163 | Lair:1   | 9163 ||| SWAPPING to +2 war axe of freezing.
  9170 | Lair:1   | HP: 12/68 [komodo dragon (10)]
  9171 | Lair:1   | 9171 ||| DRINKING potion of heal wounds.
  9180 | Lair:1   | Reached ***** piety under Okawaru
  9446 | Lair:1   | 9446 ||| READING scroll of enchant armour.
  9446 | Lair:1   | 9446 ||| ENCHANTING +1 pair of gloves.
  9475 | Lair:1   | Identified the ring "Neg Bina" {Wiz rElec}
  9478 | Lair:1   | 9478 ||| Stepping ~*~*~tactically~*~*~ (stealth).
  9485 | Lair:1   | 9485 ||| INVOKING Heroism.
  9614 | Lair:1   | 9614 ||| INVOKING Heroism.
  9615 | Lair:1   | 9615 ||| INVOKING Finesse.
  9618 | Lair:1   | 9618 ||| SWAPPING to +0 flail of protection.
  9626 | Lair:1   | Killed a six-headed hydra
  9627 | Lair:1   | 9627 ||| SWAPPING to +2 war axe of freezing.
  9677 | Lair:1   | 9677 ||| Stepping ~*~*~tactically~*~*~ (stealth).
  9815 | Lair:1   | 9815 ||| INVOKING Heroism.
 10215 | Lair:1   | 10215 ||| INVOKING Heroism.
 10270 | Lair:1   | 10270 ||| DROPPING amulet of regeneration.
 10271 | Lair:1   | 10271 ||| DROPPING ring "Neg Bina" {Wiz rElec}.
 10306 | Lair:2   | 10306 ||| PLANNING GAUNTLET
 10306 | Lair:2   | 10306 ||| INVOKING Heroism.
 10307 | Lair:2   | 10307 ||| Stepping ~*~*~tactically~*~*~ (cloud).
 10318 | Lair:2   | Reached skill level 3 in Throwing
 10347 | Lair:2   | Reached skill level 9 in Invocations
 10603 | Lair:2   | 10603 ||| INVOKING Heroism.
 10625 | Lair:2   | Found a staircase to the Swamp.
 10679 | Lair:2   | Found a gate leading to a gauntlet.
 10688 | Gauntlet | Entered a Gauntlet
 10688 | Gauntlet | Found a transporter.
 10695 | Gauntlet | Found a transporter.
 10698 | Gauntlet | Found a transporter.
 10709 | Gauntlet | Found a transporter.
 10712 | Gauntlet | Found a transporter.
 10715 | Gauntlet | Noticed a catoblepas
 10717 | Gauntlet | Found a runed translucent door.
 10717 | Gauntlet | Found a runed translucent door.
 10723 | Gauntlet | Found a transporter.
 10736 | Gauntlet | Noticed a large abomination
 10738 | Gauntlet | Noticed a large abomination
 10739 | Gauntlet | Found a transporter.
 10750 | Gauntlet | Found a transporter.
 10753 | Gauntlet | Noticed a ghost crab
 10761 | Gauntlet | Found a transporter.
 10763 | Gauntlet | Noticed a green death
 10773 | Gauntlet | Found a transporter.
 10775 | Gauntlet | Found a transporter.
 10791 | Gauntlet | Found a transporter.
 10791 | Gauntlet | Found a transporter.
 10815 | Gauntlet | Found a transporter.
 10888 | Gauntlet | 10888 ||| INVOKING Heroism.
 10929 | Gauntlet | 10929 ||| SWAPPING to +0 broad axe.
 10930 | Gauntlet | 10930 ||| DROPPING +2 war axe of freezing.
 10931 | Gauntlet | 10931 ||| READING scroll of brand weapon.
 10931 | Gauntlet | 10931 ||| BRANDING +0 broad axe.
 10947 | Gauntlet | 10947 ||| INVOKING Heroism.
 10952 | Gauntlet | Reached XP level 12. HP: 33/73 MP: 16/19
 11206 | Gauntlet | 11206 ||| UPGRADING to +6 ring of dexterity.
 11218 | Gauntlet | 11218 ||| Stepping randomly (stuck).
 11219 | Gauntlet | 11219 ||| Stepping randomly (stuck).
 11220 | Gauntlet | 11220 ||| Stepping randomly (stuck).
 11224 | Gauntlet | 11224 ||| INVOKING Heroism.
 11225 | Gauntlet | 11225 ||| INVOKING Finesse.
 11239 | Gauntlet | Killed a catoblepas
 11251 | Gauntlet | 11251 ||| Stepping ~*~*~tactically~*~*~ (hiding).
 11262 | Gauntlet | Received a gift from Okawaru
 11394 | Gauntlet | 11394 ||| DROPPING +0 flail of protection.
 11422 | Gauntlet | Noticed a minotaur
 11423 | Gauntlet | 11423 ||| INVOKING Heroism.
 11424 | Gauntlet | 11424 ||| INVOKING Finesse.
 11431 | Gauntlet | Killed a minotaur
 11474 | Gauntlet | Identified the amulet "Egalax" {Reflect -Tele MP+9 Dex+4
                  | SH+5 SInv}
 11487 | Gauntlet | 11487 ||| INVOKING Heroism.
 11646 | Lair:2   | 11646 ||| PLANNING LAIR
 11688 | Lair:2   | Noticed a boulder beetle
 11689 | Lair:2   | 11689 ||| INVOKING Heroism.
 11690 | Lair:2   | 11690 ||| INVOKING Finesse.
 11691 | Lair:2   | 11691 ||| INVOKING Finesse.
 11722 | Lair:2   | Killed a boulder beetle
 11723 | Lair:2   | Reached skill level 3 in Dodging
 12001 | Lair:2   | 12001 ||| DROPPING +3 flail of venom.
 12044 | Lair:2   | Received a gift from Okawaru
 12047 | Lair:2   | 12047 ||| SWAPPING to +3 broad axe of flaming.
 12048 | Lair:2   | 12048 ||| DROPPING +0 vorpal broad axe.
 12049 | Lair:2   | 12049 ||| DROPPING +0 morningstar.
 12059 | Lair:2   | 12059 ||| INVOKING Heroism.
 12069 | Lair:2   | Reached skill level 9 in Fighting
 12326 | Lair:2   | 12326 ||| INVOKING Heroism.
 12664 | Lair:2   | 12664 ||| UPGRADING to +0 plate armour.
 12674 | Lair:2   | 12674 ||| DROPPING +0 chain mail.
 12675 | Lair:2   | 12675 ||| UPGRADING to +0 helmet.
 12680 | Lair:2   | 12680 ||| READING scroll labelled JEN LAKLIERIK.
 12926 | Lair:3   | 12926 ||| Stepping ~*~*~tactically~*~*~ (hiding).
 12927 | Lair:3   | 12927 ||| Stepping ~*~*~tactically~*~*~ (hiding).
 12931 | Lair:3   | 12931 ||| INVOKING Heroism.
 12942 | Lair:3   | 12942 ||| Stepping ~*~*~tactically~*~*~ (cloud).
 12949 | Lair:3   | 12949 ||| Stepping ~*~*~tactically~*~*~ (stealth).
 12950 | Lair:3   | 12950 ||| Stepping ~*~*~tactically~*~*~ (stealth).
 12952 | Lair:3   | 12952 ||| Stepping ~*~*~tactically~*~*~ (stealth).
 13127 | Lair:3   | Found a hole to the Spider Nest.
 13568 | Lair:3   | 13568 ||| UPGRADING to +0 tower shield.
 13578 | Lair:3   | 13578 ||| DROPPING +0 kite shield.
 13579 | Lair:3   | 13579 ||| DRINKING 2 lumpy grey potions.
 13634 | Lair:4   | Identified the +0 robe of the Kettle-Drum {Rampage rPois
                  | Int-3 Slay-6}
 13764 | Lair:4   | 13764 ||| Stepping ~*~*~tactically~*~*~ (stealth).
 13770 | Lair:4   | 13770 ||| Stepping ~*~*~tactically~*~*~ (stealth).
 13912 | Lair:4   | Found a viscous altar of Jiyva.
 13913 | Lair:4   | Found a staircase to the Slime Pits.
 13981 | Lair:4   | 13981 ||| INVOKING Heroism.
 14001 | Lair:4   | Received a gift from Okawaru
 14002 | Lair:4   | Reached XP level 13. HP: 63/80 MP: 20/20
 14196 | Lair:4   | 14196 ||| INVOKING Heroism.
 14224 | Lair:4   | 14224 ||| Stepping ~*~*~tactically~*~*~ (hiding).
 14225 | Lair:4   | 14225 ||| Stepping ~*~*~tactically~*~*~ (hiding).
 14231 | Lair:4   | Reached skill level 12 in Shields
 14598 | Lair:4   | 14598 ||| UPGRADING to +0 pair of boots.
 14640 | Lair:5   | Entered Level 5 of the Lair of Beasts
 14641 | Lair:5   | 14641 ||| INVOKING Heroism.
 14642 | Lair:5   | 14642 ||| INVOKING Finesse.
 14647 | Lair:5   | 14647 ||| STAIRDANCE
 14687 | Lair:5   | 14687 ||| STAIRDANCE
 14694 | Lair:5   | 14694 ||| STAIRDANCE
 14699 | Lair:5   | 14699 ||| STAIRDANCE
 14706 | Lair:5   | 14706 ||| STAIRDANCE
 14716 | Lair:5   | 14716 ||| STAIRDANCE
 14745 | Lair:5   | 14745 ||| STAIRDANCE
 14757 | Lair:5   | 14757 ||| INVOKING Heroism.
 14758 | Lair:5   | 14758 ||| STAIRDANCE
 14899 | Lair:5   | 14899 ||| Stepping ~*~*~tactically~*~*~ (stealth).
 14900 | Lair:5   | 14900 ||| INVOKING Heroism.
 14901 | Lair:5   | 14901 ||| Stepping ~*~*~tactically~*~*~ (stealth).
 14938 | Lair:5   | 14938 ||| INVOKING Heroism.
 14966 | Lair:5   | 14966 ||| Stepping ~*~*~tactically~*~*~ (stealth).
 14968 | Lair:5   | 14968 ||| INVOKING Finesse.
 15022 | Lair:5   | 15022 ||| INVOKING Heroism.
 15024 | Lair:5   | 15024 ||| Stepping ~*~*~tactically~*~*~ (stealth).
 15044 | Lair:5   | 15044 ||| INVOKING Heroism.
 15186 | Lair:5   | 15186 ||| INVOKING Heroism.
 15194 | Lair:5   | 15194 ||| INVOKING Finesse.
 15206 | Lair:5   | Reached skill level 9 in Armour
 15294 | Lair:5   | 15294 ||| INVOKING Heroism.
 15295 | Lair:5   | 15295 ||| INVOKING Finesse.
 15354 | Lair:5   | 15354 ||| INVOKING Heroism.
 15355 | Lair:5   | 15355 ||| INVOKING Finesse.
 15356 | Lair:5   | 15356 ||| INVOKING Finesse.
 15383 | Lair:5   | 15383 ||| Stepping ~*~*~tactically~*~*~ (stealth).
 15384 | Lair:5   | 15384 ||| Stepping ~*~*~tactically~*~*~ (stealth).
 15391 | Lair:5   | 15391 ||| INVOKING Finesse.
 15466 | Lair:5   | 15466 ||| Stepping ~*~*~tactically~*~*~ (stealth).
 15467 | Lair:5   | 15467 ||| Stepping ~*~*~tactically~*~*~ (stealth).
 15470 | Lair:5   | 15470 ||| INVOKING Heroism.
 15471 | Lair:5   | 15471 ||| INVOKING Finesse.
 15478 | Lair:5   | Reached skill level 12 in Axes
 15489 | Lair:5   | Received a gift from Okawaru
 15497 | Lair:5   | 15497 ||| Stepping ~*~*~tactically~*~*~ (stealth).
 15498 | Lair:5   | 15498 ||| Stepping ~*~*~tactically~*~*~ (stealth).
 15518 | Lair:5   | Gained mutation: Your large and strong wings let you fly.
                  | [Gargoyle growth]
 15518 | Lair:5   | Reached XP level 14. HP: 86/86 MP: 17/21
 15587 | Lair:5   | 15587 ||| INVOKING Heroism.
 15588 | Lair:5   | 15588 ||| INVOKING Finesse.
 15673 | Lair:5   | 15673 ||| INVOKING Heroism.
 15674 | Lair:5   | 15674 ||| INVOKING Finesse.
 15767 | Lair:5   | 15767 ||| READING scroll of enchant armour.
 15767 | Lair:5   | 15767 ||| ENCHANTING +0 helmet.
 15889 | Lair:5   | 15889 ||| PLANNING D:1-11
 15889 | Lair:5   | 15889 ||| READING scroll labelled EKATIW ROWAI.
 15890 | Lair:5   | 15890 ||| READING 6 scrolls of identify.
 15890 | Lair:5   | 15890 ||| IDENTIFYING fizzy puce potion
 15891 | Lair:5   | 15891 ||| DROPPING potion of ambrosia.
 16120 | D:9      | Found a hide-covered altar of Uskayaw.
 16125 | D:9      | 16125 ||| Stepping ~*~*~tactically~*~*~ (hiding).
 16126 | D:9      | 16126 ||| Stepping ~*~*~tactically~*~*~ (hiding).
 16381 | D:9      | 16381 ||| Stepping ~*~*~tactically~*~*~ (hiding).
 16383 | D:9      | 16383 ||| Stepping ~*~*~tactically~*~*~ (hiding).
 16502 | D:9      | Found a staircase to the Orcish Mines.
 16530 | D:9      | 16530 ||| INVOKING Heroism.
 16533 | D:9      | 16533 ||| Stepping ~*~*~tactically~*~*~ (hiding).
 16540 | D:9      | 16540 ||| Stepping ~*~*~tactically~*~*~ (stealth).
 16900 | D:9      | 16900 ||| Stepping ~*~*~tactically~*~*~ (stealth).
 16906 | D:9      | 16906 ||| Stepping ~*~*~tactically~*~*~ (stealth).
 16907 | D:9      | 16907 ||| Stepping ~*~*~tactically~*~*~ (stealth).
 16908 | D:9      | 16908 ||| Stepping ~*~*~tactically~*~*~ (stealth).
 16947 | D:9      | Found a shimmering blue altar of Sif Muna.
 16949 | D:9      | Found a shadowy altar of Dithmenos.
 16950 | D:9      | Found an opulent altar of Gozag.
 16954 | D:9      | Found a snail-covered altar of Cheibriados.
 16970 | D:9      | 16970 ||| Stepping ~*~*~tactically~*~*~ (stealth).
 16972 | D:9      | 16972 ||| Stepping ~*~*~tactically~*~*~ (stealth).
 17176 | D:9      | 17176 ||| READING 6 scrolls of identify.
 17176 | D:9      | 17176 ||| IDENTIFYING golden potion
 17177 | D:9      | 17177 ||| DROPPING potion of flight.
 17211 | D:10     | Entered Level 10 of the Dungeon
 17212 | D:10     | 17212 ||| STAIRDANCE
 17218 | D:10     | 17218 ||| STAIRDANCE
 17451 | D:10     | 17451 ||| Stepping ~*~*~tactically~*~*~ (stealth).
 17453 | D:10     | 17453 ||| Stepping ~*~*~tactically~*~*~ (hiding).
 17458 | D:10     | 17458 ||| Stepping ~*~*~tactically~*~*~ (hiding).
 17459 | D:10     | 17459 ||| INVOKING Heroism.
 17460 | D:10     | 17460 ||| Stepping ~*~*~tactically~*~*~ (hiding).
 17482 | D:10     | Received a gift from Okawaru
 17494 | D:10     | 17494 ||| Stepping ~*~*~tactically~*~*~ (hiding).
 17495 | D:10     | 17495 ||| Stepping ~*~*~tactically~*~*~ (hiding).
 17498 | D:10     | 17498 ||| Stepping ~*~*~tactically~*~*~ (hiding).
 17690 | D:10     | Found Ocefres's Book Emporium.
 17708 | D:10     | 17708 ||| READING scroll of enchant armour.
 17708 | D:10     | 17708 ||| ENCHANTING +1 helmet.
 17726 | D:10     | Identified the +1 trident of Domination {vorpal, rPois
                  | Str+2 Int+3}
 17732 | D:10     | Noticed Psyche
 17741 | D:10     | Killed Psyche
 17823 | D:10     | 17823 ||| INVOKING Heroism.
 17862 | D:10     | Found a bloodstained altar of Trog.
 18140 | D:10     | 18140 ||| Stepping ~*~*~tactically~*~*~ (stealth).
 18146 | D:10     | Received a gift from Okawaru
 18197 | D:10     | 18197 ||| UPGRADING to ring of see invisible.
 18199 | D:10     | 18199 ||| UPGRADING to ring of protection from cold.
 18201 | D:10     | 18201 ||| READING 5 scrolls of identify.
 18201 | D:10     | 18201 ||| IDENTIFYING bubbling orange potion
 18350 | D:11     | Noticed Lodul
 18351 | D:11     | 18351 ||| INVOKING Heroism.
 18369 | D:11     | Killed Lodul
 18541 | D:11     | 18541 ||| Stepping ~*~*~tactically~*~*~ (hiding).
 18542 | D:11     | 18542 ||| Stepping ~*~*~tactically~*~*~ (hiding).
 18543 | D:11     | 18543 ||| Stepping ~*~*~tactically~*~*~ (hiding).
 18604 | D:11     | 18604 ||| INVOKING Heroism.
 18744 | D:11     | Found a frozen archway.
 18932 | D:11     | Noticed Snorg
 18933 | D:11     | 18933 ||| INVOKING Heroism.
 18934 | D:11     | 18934 ||| INVOKING Finesse.
 18945 | D:11     | Killed Snorg
 19122 | D:11     | Found a portal to a secret trove of treasure.
 19144 | D:11     | 19144 ||| INVOKING Heroism.
 19145 | D:11     | 19145 ||| INVOKING Finesse.
 19153 | D:11     | Reached skill level 15 in Shields
 19205 | D:11     | 19205 ||| INVOKING Heroism.
 19336 | D:11     | 19336 ||| PLANNING D
 19375 | D:12     | 19375 ||| INVOKING Heroism.
 19376 | D:12     | 19376 ||| INVOKING Finesse.
 19377 | D:12     | 19377 ||| INVOKING Finesse.
 19444 | D:12     | 19444 ||| Stepping ~*~*~tactically~*~*~ (stealth).
 19715 | D:12     | 19715 ||| Stepping ~*~*~tactically~*~*~ (stealth).
 19884 | D:12     | 19884 ||| Stepping ~*~*~tactically~*~*~ (stealth).
 19886 | D:12     | 19886 ||| Stepping ~*~*~tactically~*~*~ (stealth).
 20061 | D:12     | 20061 ||| Stepping ~*~*~tactically~*~*~ (stealth).
 20073 | D:12     | Received a gift from Okawaru
 20091 | D:12     | 20091 ||| DROPPING +1 vorpal war axe.
 20233 | D:13     | 20233 ||| PLANNING BAZAAR
 20437 | D:13     | 20437 ||| INVOKING Heroism.
 20795 | D:13     | Found a flickering gateway to a bazaar.
 20796 | D:13     | 20796 ||| DROPPING ring of willpower.
 20797 | D:13     | 20797 ||| UPGRADING to +4 ring of evasion.
 20802 | D:13     | 20802 ||| INVOKING Heroism.
 20809 | D:13     | 20809 ||| READING 3 scrolls of teleportation.
 20813 | D:13     | HP: 12/88 [titanic slime creature (42)]
 20814 | D:13     | 20814 ||| DRINKING 3 potions of heal wounds.
 20815 | D:13     | 20815 ||| FLEEEEING.
 20832 | D:13     | 20832 ||| FLEEEEING.
 20833 | D:13     | 20833 ||| FLEEEEING.
 20834 | D:13     | 20834 ||| FLEEEEING.
 20835 | D:13     | 20835 ||| FLEEEEING.
 20836 | D:13     | 20836 ||| FLEEEEING.
 20837 | D:13     | 20837 ||| FLEEEEING.
 20841 | D:13     | 20841 ||| FLEEEEING.
 20842 | D:13     | 20842 ||| FLEEEEING.
 20843 | D:13     | 20843 ||| FLEEEEING.
 20844 | D:13     | 20844 ||| FLEEEEING.
 20845 | D:13     | 20845 ||| FLEEEEING.
 20846 | D:13     | 20846 ||| FLEEEEING.
 20847 | D:13     | 20847 ||| FLEEEEING.
 20848 | D:13     | 20848 ||| FLEEEEING.
 20849 | D:13     | 20849 ||| FLEEEEING.
 20850 | D:13     | 20850 ||| FLEEEEING.
 20851 | D:13     | 20851 ||| FLEEEEING.
 20856 | D:13     | 20856 ||| STAIRDANCE
 21097 | D:13     | 21097 ||| Stepping ~*~*~tactically~*~*~ (stealth).
 21098 | D:13     | 21098 ||| Stepping ~*~*~tactically~*~*~ (stealth).
 21106 | D:13     | 21106 ||| INVOKING Heroism.
 21118 | Bazaar   | Entered a bazaar
 21118 | Bazaar   | Found Viczuk's Antique Armour Shop.
 21118 | Bazaar   | Found Sonesao's Jewellery Emporium.
 21118 | Bazaar   | Found Hoemuru's Assorted Antiques.
 21118 | Bazaar   | Found Apnuit's Antique Armour Shoppe.
 21120 | Bazaar   | Found Zutagih's Jewellery Shoppe.
 21148 | Bazaar   | 21148 ||| BUYING +6 ring of strength (540 gold).
 21148 | Bazaar   | Bought a +6 ring of strength for 540 gold pieces
 21148 | Bazaar   | 21148 ||| BUYING ring of Balance {Ice Will- Str-3 Dex+6}
                  | (511 gold).
 21148 | Bazaar   | Bought the ring of Balance {Ice Will- Str-3 Dex+6} for 511
                  | gold pieces
 21154 | Bazaar   | 21154 ||| BUYING ring of protection from cold (375 gold).
 21154 | Bazaar   | Bought a ring of protection from cold for 375 gold pieces
 21154 | Bazaar   | 21154 ||| DROPPING +6 ring of dexterity.
 21166 | D:13     | 21166 ||| PLANNING D
 21399 | D:14     | Received a gift from Okawaru
 21408 | D:14     | 21408 ||| INVOKING Heroism.
 21585 | D:14     | Reached XP level 15. HP: 92/92 MP: 22/22
 21617 | D:14     | 21617 ||| Stepping ~*~*~tactically~*~*~ (hiding).
 21618 | D:14     | 21618 ||| Stepping ~*~*~tactically~*~*~ (hiding).
 21620 | D:14     | 21620 ||| Stepping ~*~*~tactically~*~*~ (hiding).
 21751 | D:14     | 21751 ||| Stepping ~*~*~tactically~*~*~ (hiding).
 21756 | D:14     | 21756 ||| INVOKING Heroism.
 21773 | D:14     | Received a gift from Okawaru
 21848 | D:14     | Found a gate to the Vaults.
 21849 | D:14     | 21849 ||| INVOKING Heroism.
 21867 | D:14     | Received a gift from Okawaru
 21884 | D:14     | HP: 23/94 [vault guard/+0 glaive (6)]
 21885 | D:14     | 21885 ||| READING 3 scrolls of teleportation.
 21886 | D:14     | 21886 ||| DRINKING 3 potions of heal wounds.
 21887 | D:14     | 21887 ||| INVOKING Heroism.
 22150 | D:14     | 22150 ||| Stepping ~*~*~tactically~*~*~ (hiding).
 22151 | D:14     | 22151 ||| Stepping ~*~*~tactically~*~*~ (hiding).
 22153 | D:14     | 22153 ||| Stepping ~*~*~tactically~*~*~ (hiding).
 22154 | D:14     | 22154 ||| Stepping ~*~*~tactically~*~*~ (hiding).
 22331 | D:14     | 22331 ||| Stepping ~*~*~tactically~*~*~ (stealth).
 22334 | D:14     | 22334 ||| INVOKING Heroism.
 22371 | D:14     | Found a hide-covered altar of Uskayaw.
 22482 | D:15     | Entered Level 15 of the Dungeon
 22484 | D:15     | 22484 ||| INVOKING Heroism.
 22524 | D:15     | Received a gift from Okawaru
 22553 | D:15     | 22553 ||| INVOKING Heroism.
 22748 | D:15     | Noticed Azrael
 22749 | D:15     | 22749 ||| INVOKING Heroism.
 22750 | D:15     | 22750 ||| INVOKING Finesse.
 22778 | D:15     | Killed Azrael
 22807 | D:15     | 22807 ||| Stepping ~*~*~tactically~*~*~ (stealth).
 22808 | D:15     | 22808 ||| Stepping ~*~*~tactically~*~*~ (stealth).
 22816 | D:15     | 22816 ||| INVOKING Heroism.
 23072 | D:15     | 23072 ||| INVOKING Heroism.
 23153 | D:15     | Found Yntem's CLEARANCE SALE!.
 23161 | D:15     | 23161 ||| BUYING scroll of enchant armour (52 gold).
 23161 | D:15     | Bought a scroll of enchant armour for 52 gold pieces
 23161 | D:15     | 23161 ||| BUYING scroll of teleportation (21 gold).
 23161 | D:15     | Bought a scroll of teleportation for 21 gold pieces
 23161 | D:15     | 23161 ||| READING scroll of enchant armour.
 23161 | D:15     | 23161 ||| ENCHANTING +0 pair of boots.
 23189 | D:15     | 23189 ||| Stepping ~*~*~tactically~*~*~ (stealth).
 23285 | D:15     | 23285 ||| INVOKING Heroism.
 23447 | D:15     | 23447 ||| Stepping ~*~*~tactically~*~*~ (stealth).
 23448 | D:15     | 23448 ||| Stepping ~*~*~tactically~*~*~ (stealth).
 23449 | D:15     | 23449 ||| Stepping ~*~*~tactically~*~*~ (stealth).
 23466 | D:15     | 23466 ||| Stepping ~*~*~tactically~*~*~ (stealth).
 23690 | D:15     | 23690 ||| Stepping ~*~*~tactically~*~*~ (hiding).
 23809 | D:15     | 23809 ||| READING scroll of enchant weapon.
 23809 | D:15     | 23809 ||| ENCHANTING +3 broad axe of flaming.
 24019 | D:15     | 24019 ||| Stepping ~*~*~tactically~*~*~ (hiding).
 24020 | D:15     | 24020 ||| INVOKING Heroism.
 24063 | D:15     | 24063 ||| Stepping ~*~*~tactically~*~*~ (stealth).
 24084 | D:15     | Reached skill level 15 in Axes
 24159 | D:15     | Found a staircase to the Depths.
 24215 | D:15     | 24215 ||| PLANNING ORC
 24366 | D:9      | 24366 ||| Stepping ~*~*~tactically~*~*~ (hiding).
 24367 | D:9      | 24367 ||| Stepping ~*~*~tactically~*~*~ (hiding).
 24479 | Orc:1    | Entered Level 1 of the Orcish Mines
 24489 | Orc:1    | Noticed Urug
 24490 | Orc:1    | 24490 ||| INVOKING Heroism.
 24491 | Orc:1    | 24491 ||| INVOKING Finesse.
 24506 | Orc:1    | Killed Urug
 24627 | Orc:1    | 24627 ||| Stepping ~*~*~tactically~*~*~ (hiding).
 24629 | Orc:1    | 24629 ||| INVOKING Heroism.
 24779 | Orc:1    | 24779 ||| INVOKING Heroism.
 24793 | Orc:1    | Received a gift from Okawaru
 24833 | Orc:1    | 24833 ||| Stepping ~*~*~tactically~*~*~ (hiding).
 24838 | Orc:1    | 24838 ||| DRINKING 8 potions of curing.
 24838 | Orc:1    | 24838 ||| (to cure confusion)
 24948 | Orc:1    | 24948 ||| Stepping ~*~*~tactically~*~*~ (stealth).
 24949 | Orc:1    | 24949 ||| Stepping ~*~*~tactically~*~*~ (stealth).
 24950 | Orc:1    | 24950 ||| Stepping ~*~*~tactically~*~*~ (hiding).
 24953 | Orc:1    | 24953 ||| INVOKING Heroism.
 25129 | Orc:1    | 25129 ||| DROPPING +1 chain mail of cold resistance.
 25130 | Orc:1    | 25130 ||| UPGRADING to +1 plate armour of cold resistance.
 25140 | Orc:1    | 25140 ||| DROPPING +0 plate armour.
 25161 | Orc:2    | Entered Level 2 of the Orcish Mines
 25162 | Orc:2    | 25162 ||| INVOKING Heroism.
 25199 | Orc:2    | 25199 ||| Stepping ~*~*~tactically~*~*~ (stealth).
 25201 | Orc:2    | 25201 ||| Stepping ~*~*~tactically~*~*~ (stealth).
 25202 | Orc:2    | 25202 ||| Stepping ~*~*~tactically~*~*~ (stealth).
 25204 | Orc:2    | 25204 ||| Stepping ~*~*~tactically~*~*~ (stealth).
 25207 | Orc:2    | 25207 ||| Stepping ~*~*~tactically~*~*~ (hiding).
 25306 | Orc:2    | 25306 ||| Stepping ~*~*~tactically~*~*~ (hiding).
 25331 | Orc:2    | Noticed Erolcha
 25334 | Orc:2    | 25334 ||| INVOKING Heroism.
 25340 | Orc:2    | Killed Erolcha
 25341 | Orc:2    | Reached skill level 12 in Fighting
 25401 | Orc:2    | 25401 ||| Stepping ~*~*~tactically~*~*~ (hiding).
 25403 | Orc:2    | 25403 ||| INVOKING Heroism.
 25416 | Orc:2    | Found Vextorim's Assorted Antiques.
 25421 | Orc:2    | 25421 ||| BUYING potion of curing (81 gold).
 25421 | Orc:2    | Bought a potion of curing for 81 gold pieces
 25421 | Orc:2    | 25421 ||| BUYING potion of might (108 gold).
 25421 | Orc:2    | Bought a potion of might for 108 gold pieces
 25421 | Orc:2    | 25421 ||| BUYING potion of mutation (216 gold).
 25421 | Orc:2    | Bought a potion of mutation for 216 gold pieces
 25421 | Orc:2    | 25421 ||| SHOPLISTING ring of resist corrosion (540 gold,
                  | have 411).
 25421 | Orc:2    | 25421 ||| BUYING scroll of identify (54 gold).
 25421 | Orc:2    | Bought a scroll of identify for 54 gold pieces
 25421 | Orc:2    | 25421 ||| BUYING scroll of identify (54 gold).
 25421 | Orc:2    | Bought a scroll of identify for 54 gold pieces
 25421 | Orc:2    | 25421 ||| BUYING scroll of teleportation (81 gold).
 25421 | Orc:2    | Bought a scroll of teleportation for 81 gold pieces
 25480 | Orc:2    | 25480 ||| Stepping ~*~*~tactically~*~*~ (hiding).
 25565 | Orc:2    | 25565 ||| INVOKING Heroism.
 25607 | Orc:2    | Found Deitoz's Assorted Antiques.
 25615 | Orc:2    | 25615 ||| INVOKING Heroism.
 25766 | Orc:2    | 25766 ||| SHOPLISTING glowing scarf (272 gold, have 268).
 25766 | Orc:2    | 25766 ||| BUYING scroll of blinking (255 gold).
 25766 | Orc:2    | Bought a scroll of blinking for 255 gold pieces
 25766 | Orc:2    | 25766 ||| SHOPLISTING scroll of teleportation (102 gold,
                  | have 13).
 25783 | Orc:2    | 25783 ||| Stepping ~*~*~tactically~*~*~ (hiding).
 26010 | Orc:2    | 26010 ||| INVOKING Heroism.
 26016 | Orc:2    | Reached XP level 16. HP: 101/101 MP: 21/23
 26016 | Orc:2    | Noticed Saint Roka
 26017 | Orc:2    | 26017 ||| INVOKING Finesse.
 26032 | Orc:2    | HP: 21/101 [Saint Roka/divine providence (12)]
 26033 | Orc:2    | 26033 ||| READING 4 scrolls of teleportation.
 26034 | Orc:2    | 26034 ||| DRINKING 3 potions of heal wounds.
 26064 | Orc:2    | 26064 ||| FLEEEEING.
 26065 | Orc:2    | 26065 ||| FLEEEEING.
 26066 | Orc:2    | 26066 ||| FLEEEEING.
 26067 | Orc:2    | 26067 ||| STAIRDANCE
 26371 | Orc:2    | 26371 ||| Stepping ~*~*~tactically~*~*~ (hiding).
 26433 | Orc:2    | 26433 ||| Stepping ~*~*~tactically~*~*~ (stealth).
 26434 | Orc:2    | 26434 ||| Stepping ~*~*~tactically~*~*~ (stealth).
 26460 | Orc:2    | 26460 ||| Stepping ~*~*~tactically~*~*~ (hiding).
 26462 | Orc:2    | 26462 ||| INVOKING Heroism.
 26463 | Orc:2    | 26463 ||| Stepping ~*~*~tactically~*~*~ (hiding).
 26464 | Orc:2    | 26464 ||| Stepping ~*~*~tactically~*~*~ (hiding).
 26480 | Orc:2    | 26480 ||| Stepping ~*~*~tactically~*~*~ (hiding).
 26482 | Orc:2    | 26482 ||| INVOKING Finesse.
 26503 | Orc:2    | Killed Saint Roka
 26503 | Orc:2    | Received a gift from Okawaru
 26522 | Orc:2    | 26522 ||| FLEEEEING.
 26523 | Orc:2    | 26523 ||| FLEEEEING.
 26524 | Orc:2    | 26524 ||| FLEEEEING.
 26525 | Orc:2    | 26525 ||| FLEEEEING.
 26526 | Orc:2    | 26526 ||| FLEEEEING.
 26527 | Orc:2    | 26527 ||| FLEEEEING.
 26528 | Orc:2    | 26528 ||| FLEEEEING.
 26529 | Orc:2    | 26529 ||| FLEEEEING.
 26530 | Orc:2    | 26530 ||| FLEEEEING.
 26531 | Orc:2    | 26531 ||| FLEEEEING.
 26532 | Orc:2    | 26532 ||| FLEEEEING.
 26533 | Orc:2    | 26533 ||| FLEEEEING.
 26534 | Orc:2    | 26534 ||| FLEEEEING.
 26535 | Orc:2    | 26535 ||| FLEEEEING.
 26536 | Orc:2    | 26536 ||| FLEEEEING.
 26537 | Orc:2    | 26537 ||| STAIRDANCE
 26757 | Orc:2    | 26757 ||| STAIRDANCE
 26799 | Orc:2    | Found Desyugu's Antique Weapon Emporium.
 26806 | Orc:2    | Found Lesulum's Antique Armour Shoppe.
 26811 | Orc:2    | 26811 ||| SHOPLISTING pair of runed gloves (157 gold, have
                  | 139).
 26811 | Orc:2    | 26811 ||| SHOPLISTING runed plate armour (546 gold, have
                  | 139).
 26875 | Orc:2    | Found a staircase to the Elven Halls.
 26903 | Orc:2    | 26903 ||| Stepping ~*~*~tactically~*~*~ (hiding).
 27035 | Orc:2    | 27035 ||| Stepping ~*~*~tactically~*~*~ (stealth).
 27037 | Orc:2    | 27037 ||| Stepping ~*~*~tactically~*~*~ (hiding).
 27119 | Orc:2    | 27119 ||| PLANNING SPIDER:1-3
 27310 | Spider:1 | Entered Level 1 of the Spider Nest
 27311 | Spider:1 | 27311 ||| INVOKING Heroism.
 27312 | Spider:1 | 27312 ||| INVOKING Finesse.
 27391 | Spider:1 | 27391 ||| INVOKING Heroism.
 27395 | Spider:1 | 27395 ||| Stepping ~*~*~tactically~*~*~ (hiding).
 27443 | Spider:1 | 27443 ||| Stepping ~*~*~tactically~*~*~ (stealth).
 27500 | Spider:1 | 27500 ||| Stepping ~*~*~tactically~*~*~ (stealth).
 27501 | Spider:1 | 27501 ||| Stepping ~*~*~tactically~*~*~ (stealth).
 27566 | Spider:1 | 27566 ||| INVOKING Heroism.
 27579 | Spider:1 | Gained mutation: You occasionally shout uncontrollably at
                  | your foes. [mutagenic glow]
 27582 | Spider:1 | HP: 22/101 [radroach (19)]
 27583 | Spider:1 | 27583 ||| READING 3 scrolls of teleportation.
 27584 | Spider:1 | 27584 ||| DRINKING 2 potions of heal wounds.
 27584 | Spider:1 | HP: 1/101 [radroach (38)]
 27585 | Spider:1 | 27585 ||| DRINKING potion of heal wounds.
 27599 | Spider:1 | Gained mutation: You have hidden genetic defects.
                  | [mutagenic glow]
 27927 | Spider:1 | 27927 ||| Stepping ~*~*~tactically~*~*~ (stealth).
 27929 | Spider:1 | 27929 ||| Stepping ~*~*~tactically~*~*~ (stealth).
 27930 | Spider:1 | 27930 ||| Stepping ~*~*~tactically~*~*~ (stealth).
 27931 | Spider:1 | 27931 ||| Stepping ~*~*~tactically~*~*~ (stealth).
 27932 | Spider:1 | 27932 ||| Stepping ~*~*~tactically~*~*~ (stealth).
 27933 | Spider:1 | 27933 ||| Stepping ~*~*~tactically~*~*~ (stealth).
 27934 | Spider:1 | 27934 ||| Stepping ~*~*~tactically~*~*~ (stealth).
 27936 | Spider:1 | 27936 ||| Stepping ~*~*~tactically~*~*~ (stealth).
 27976 | Spider:1 | 27976 ||| Stepping ~*~*~tactically~*~*~ (stealth).
 27977 | Spider:1 | 27977 ||| Stepping ~*~*~tactically~*~*~ (stealth).
 27997 | Spider:1 | 27997 ||| Stepping ~*~*~tactically~*~*~ (hiding).
 28000 | Spider:1 | 28000 ||| INVOKING Finesse.
 28002 | Spider:1 | 28002 ||| INVOKING Heroism.
 28192 | Spider:1 | 28192 ||| INVOKING Heroism.
 28250 | Spider:1 | 28250 ||| INVOKING Heroism.
 28253 | Spider:1 | Identified the +6 shadow dragon scales of Conscience {Int+6
                  | Stlth++++} (Okawaru gifted it to you on level 1 of the
                  | Spider Nest)
 28253 | Spider:1 | Received a gift from Okawaru
 28285 | Spider:1 | Reached skill level 12 in Armour
 28295 | Spider:1 | 28295 ||| INVOKING Heroism.
 28397 | Spider:1 | 28397 ||| Stepping ~*~*~tactically~*~*~ (stealth).
 28406 | Spider:1 | Gained mutation: You occasionally lose the ability to read
                  | scrolls when taking damage. [hidden defects]
 28417 | Spider:1 | 28417 ||| DRINKING 2 potions of mutation.
 28417 | Spider:1 | Lost mutation: You occasionally shout uncontrollably at
                  | your foes. [potion of mutation]
 28417 | Spider:1 | Lost mutation: You occasionally lose the ability to read
                  | scrolls when taking damage. [potion of mutation]
 28417 | Spider:1 | Gained mutation: You possess an exceptional clarity of
                  | mind. [potion of mutation]
 28417 | Spider:1 | Gained mutation: Your body sometimes deteriorates upon
                  | taking damage. [potion of mutation]
 28417 | Spider:1 | Gained mutation: You passively map a small area around you.
                  | [potion of mutation]
 28599 | Spider:1 | 28599 ||| DROPPING +0 fire dragon scales.
 28600 | Spider:1 | 28600 ||| UPGRADING to +6 shadow dragon scales of
                  | Conscience {Int+6 Stlth++++}.
 28610 | Spider:1 | 28610 ||| DROPPING +0 chain mail of fire resistance.
 28611 | Spider:1 | 28611 ||| DROPPING +1 plate armour of cold resistance.
 28717 | Spider:2 | 28717 ||| INVOKING Heroism.
 29000 | Spider:2 | Noticed Frances
 29001 | Spider:2 | 29001 ||| Stepping ~*~*~tactically~*~*~ (hiding).
 29103 | Spider:2 | 29103 ||| Stepping ~*~*~tactically~*~*~ (hiding).
 29205 | Spider:2 | 29205 ||| Stepping ~*~*~tactically~*~*~ (hiding).
 29211 | Spider:2 | 29211 ||| INVOKING Heroism.
 29212 | Spider:2 | 29212 ||| INVOKING Finesse.
 29218 | Spider:2 | Killed Frances
 29230 | Spider:2 | 29230 ||| Stepping ~*~*~tactically~*~*~ (stealth).
 29231 | Spider:2 | 29231 ||| Stepping ~*~*~tactically~*~*~ (stealth).
 29248 | Spider:2 | 29248 ||| Stepping ~*~*~tactically~*~*~ (stealth).
 29253 | Spider:2 | 29253 ||| Stepping ~*~*~tactically~*~*~ (stealth).
 29254 | Spider:2 | 29254 ||| Stepping ~*~*~tactically~*~*~ (stealth).
 29255 | Spider:2 | 29255 ||| Stepping ~*~*~tactically~*~*~ (stealth).
 29268 | Spider:2 | 29268 ||| INVOKING Heroism.
 29534 | Spider:2 | 29534 ||| Stepping ~*~*~tactically~*~*~ (stealth).
 29606 | Spider:2 | 29606 ||| INVOKING Finesse.
 29608 | Spider:2 | 29608 ||| Stepping ~*~*~tactically~*~*~ (stealth).
 29610 | Spider:2 | 29610 ||| Stepping ~*~*~tactically~*~*~ (stealth).
 29624 | Spider:2 | 29624 ||| DRINKING 4 potions of cancellation.
 29657 | Spider:2 | 29657 ||| Stepping ~*~*~tactically~*~*~ (hiding).
 29658 | Spider:2 | 29658 ||| Stepping ~*~*~tactically~*~*~ (hiding).
 29794 | Spider:2 | 29794 ||| INVOKING Heroism.
 29802 | Spider:2 | 29802 ||| Stepping ~*~*~tactically~*~*~ (stealth).
 29848 | Spider:2 | 29848 ||| INVOKING Finesse.
 29855 | Spider:2 | 29855 ||| INVOKING Heroism.
 30137 | Spider:2 | 30137 ||| INVOKING Heroism.
 30138 | Spider:2 | 30138 ||| INVOKING Finesse.
 30158 | Spider:2 | Gained mutation: You are frail. (-10% HP) [hidden defects]
 30158 | Spider:2 | Lost mutation: You have hidden genetic defects. [hidden
                  | defects expressed]
 30166 | Spider:2 | 30166 ||| Stepping ~*~*~tactically~*~*~ (hiding).
 30176 | Spider:2 | 30176 ||| DRINKING potion of mutation.
 30176 | Spider:2 | Lost mutation: Your body sometimes deteriorates upon taking
                  | damage. [potion of mutation]
 30176 | Spider:2 | Lost mutation: You passively map a small area around you.
                  | [potion of mutation]
 30176 | Spider:2 | Lost mutation: You possess an exceptional clarity of mind.
                  | [potion of mutation]
 30176 | Spider:2 | Gained mutation: You have hidden genetic defects. [potion
                  | of mutation]
 30176 | Spider:2 | Gained mutation: You passively dampen the noise of your
                  | surroundings. [potion of mutation]
 30180 | Spider:2 | 30180 ||| Stepping ~*~*~tactically~*~*~ (stealth).
 30185 | Spider:2 | 30185 ||| Stepping ~*~*~tactically~*~*~ (stealth).
 30186 | Spider:2 | 30186 ||| Stepping ~*~*~tactically~*~*~ (stealth).
 30188 | Spider:2 | 30188 ||| Stepping ~*~*~tactically~*~*~ (stealth).
 30194 | Spider:2 | 30194 ||| Stepping ~*~*~tactically~*~*~ (stealth).
 30214 | Spider:2 | 30214 ||| Stepping ~*~*~tactically~*~*~ (stealth).
 30276 | Spider:2 | 30276 ||| Stepping ~*~*~tactically~*~*~ (stealth).
 30293 | Spider:2 | 30293 ||| Stepping ~*~*~tactically~*~*~ (stealth).
 30296 | Spider:2 | 30296 ||| Stepping ~*~*~tactically~*~*~ (stealth).
 30315 | Spider:2 | 30315 ||| INVOKING Finesse.
 30656 | Spider:2 | 30656 ||| Stepping ~*~*~tactically~*~*~ (stealth).
 30757 | Spider:2 | Noticed Arachne
 30758 | Spider:2 | 30758 ||| INVOKING Heroism.
 30782 | Spider:2 | Killed Arachne
 30836 | Spider:2 | Reached XP level 17. HP: 95/95 MP: 24/24
 30995 | Spider:2 | 30995 ||| FLEEEEING.
 31008 | Spider:2 | Received a gift from Okawaru
 31206 | Spider:2 | 31206 ||| FLEEEEING.
 31210 | Spider:2 | 31210 ||| FLEEEEING.
 31212 | Spider:2 | 31212 ||| FLEEEEING.
 31213 | Spider:2 | 31213 ||| FLEEEEING.
 31530 | Spider:3 | 31530 ||| STAIRDANCE
 31571 | Spider:3 | 31571 ||| STAIRDANCE
 31679 | Spider:3 | 31679 ||| STAIRDANCE
 31681 | Spider:2 | 31681 ||| INVOKING Finesse.
 31695 | Spider:2 | Gained mutation: You are dopey. (Int -2) [hidden defects]
 31761 | Spider:3 | 31761 ||| Stepping ~*~*~tactically~*~*~ (stealth).
 31763 | Spider:3 | 31763 ||| Stepping ~*~*~tactically~*~*~ (stealth).
 31764 | Spider:3 | 31764 ||| Stepping ~*~*~tactically~*~*~ (stealth).
 31776 | Spider:3 | Identified the ring of the Heavens {Wiz rF+ Str+5 Dex+3}
 31865 | Spider:3 | 31865 ||| Stepping ~*~*~tactically~*~*~ (hiding).
 31998 | Spider:3 | 31998 ||| Stepping ~*~*~tactically~*~*~ (stealth).
 32007 | Spider:3 | 32007 ||| Stepping ~*~*~tactically~*~*~ (stealth).
 32008 | Spider:3 | 32008 ||| Stepping ~*~*~tactically~*~*~ (stealth).
 32010 | Spider:3 | 32010 ||| Stepping ~*~*~tactically~*~*~ (stealth).
 32045 | Spider:3 | 32045 ||| Stepping ~*~*~tactically~*~*~ (stealth).
 32047 | Spider:3 | 32047 ||| Stepping ~*~*~tactically~*~*~ (stealth).
 32048 | Spider:3 | 32048 ||| Stepping ~*~*~tactically~*~*~ (stealth).
 32051 | Spider:3 | 32051 ||| Stepping ~*~*~tactically~*~*~ (stealth).
 32056 | Spider:3 | 32056 ||| Stepping ~*~*~tactically~*~*~ (stealth).
 32057 | Spider:3 | 32057 ||| INVOKING Heroism.
 32494 | Spider:3 | 32494 ||| PLANNING SWAMP:1-3
 32494 | Spider:3 | 32494 ||| DROPPING +6 ring of strength.
 32495 | Spider:3 | 32495 ||| UPGRADING to ring of the Heavens {Wiz rF+ Str+5
                  | Dex+3}.
 32497 | Spider:3 | 32497 ||| DROPPING ring of see invisible.
 32627 | Swamp:1  | Entered Level 1 of the Swamp
 32647 | Swamp:1  | Received a gift from Okawaru
 32663 | Swamp:1  | 32663 ||| Stepping ~*~*~tactically~*~*~ (stealth).
 32713 | Swamp:1  | Noticed Nikola
 32714 | Swamp:1  | 32714 ||| Stepping ~*~*~tactically~*~*~ (hiding).
 32816 | Swamp:1  | 32816 ||| INVOKING Heroism.
 32819 | Swamp:1  | HP: 2/97 [Nikola/arc of chain lightning (48)]
 32820 | Swamp:1  | 32820 ||| READING 3 scrolls of teleportation.
 32820 | Swamp:1  | Killed from afar by Nikola

Levels and vault maps discovered:
D:1:      ncdulo_watergridlock, layout_rooms, serial_shops, shop
D:2:      layout_loops_ring
D:3:      layout_basic, uniq_grinder, uniq_sigmund
D:4:      layout_loops_cross, minmay_temple_entry_enclosed_plants,
          ebering_ghost_rock_garden, portal_sewer_entry_e
D:5:      layout_rooms, fountainhead, grunt_decor_arrowhead
D:6:      layout_loops_cross, kennysheep_decorative_pillar, kennysheep_diamond,
          nicolae_wooded_promenade
D:7:      layout_cave_pools
D:8:      layout_basic, erik_lair_island, grunt_tough_drop
D:9:      layout_loops_ring, mainiacjoe_overflow_small_starburst, minitemple,
          minmay_orc_entry_temple_small, serial_co_window_serial,
          co_window_corner_a, co_window_paths_b, co_window_corner_a,
          co_window_of_opportunity_a, co_window_paths_a, co_window_paths_b,
          co_window_corner_b, co_window_corner_b, co_window_of_opportunity_c,
          co_window_cross_2, glass_columns_c, glass_columns_b, glass_columns_a,
          hex_tiny
D:10:     layout_basic, lemuel_round_altar, serial_shops, nicolae_diamond_shop,
          uniq_psyche
D:11:     layout_roguey, portal_ice_cave_demonic_guard, enter_trove_5,
          uniq_lodul, uniq_snorg
D:12:     layout_loops_ring, fungi_pond_lemuel
D:13:     layout_roguey, serial_shops, bzr_entry_water
D:14:     layout_basic, lightli_vaults_fourway_checkpoint,
          minmay_misc_feat_columns, nicolae_uskayaw_en_pointe
D:15:     grunt_enter_depths_magical_seal, layout_basic, nicolae_shop_clearance,
          uniq_azrael
Temple:   nicolae_temple_superstar
Lair:1:   layout_cave_pods, cheibrodos_lair_lostbears, serial_bayou_shore_a,
          infiniplex_staircase_pool_2
Lair:2:   layout_layer_cave, swamp_mist, gauntlet_entry_generic,
          chequers_serial_rivers_large_a, serial_bayou_shore_b,
          serial_bayou_shore_b
Lair:3:   layout_regular_city, hellmonk_spider_entry_life_and_decay
Lair:4:   layout_regular_city, slime_entry_1
Lair:5:   evilmike_catoblepas_cave, layout_misc_corridors
Swamp:1:  layout_basic_swamp, evilmike_swamp_ruin_house_1, uniq_josephine,
          uniq_nikola
Spider:1: layout_spider_delve, nicolae_spider_undead_wolf_pack
Spider:2: layout_chambers, nicolae_spider_nooks_and_crannies, uniq_arachne,
          uniq_frances
Spider:3: layout_spider_delve
Orc:1:    layout_caves, uniq_urug
Orc:2:    grunt_orc_community_town_hall, layout_diamond_mine,
          grunt_orc_community_big_house_2, grunt_orc_community_big_house_1,
          grunt_orc_community_house_2, grunt_orc_community_house_2,
          grunt_orc_community_house_3, grunt_orc_community_house_1,
          grunt_orc_community_house_1, grunt_orc_community_house_3, rock_pile,
          uniq_erolcha

Skill      XL: |  1  2  3  4  5  6  7  8  9 10 11 12 13 14 15 16 17 |
---------------+----------------------------------------------------+-----
Axes           | 2 3 5 6 7 8 9 10 11 12 14 15 17 | 17.0
Fighting       | 5 6 7 8 9 10 12 13 | 13.0
Dodging        | 1 3 |  3.7
Throwing       | 1 3 4 5 |  5.0
Invocations    | 4 5 9 10 | 10.0
Armour         | 4 5 6 7 9 10 11 12 | 12.3
Shields        | 8 9 11 14 15 16 17 | 17.0

Action                   |  1- 3 |  4- 6 |  7- 9 | 10-12 | 13-15 | 16-18 || total
-------------------------+-------+-------+-------+-------+-------+-------++-------
Melee: War axe           |    75 |    88 |   242 |   349 |       |       ||   754
       Flail             |       |       |       |    14 |       |       ||    14
       Broad axe         |       |       |       |   205 |  1156 |   652 ||  2013
Throw: Boomerang         |       |     3 |    54 |    56 |       |     5 ||   118
       Javelin           |       |       |       |    37 |   117 |    97 ||   251
Invok: Heroism           |       |       |     8 |    30 |    47 |    17 ||   102
       Finesse           |       |       |       |     4 |    14 |    10 ||    28
  Use: Scroll            |     2 |     9 |    11 |     6 |    10 |     3 ||    41
       Potion            |       |     2 |     3 |     3 |     3 |     6 ||    17
Armor: Scale mail        |    35 |    26 |       |       |       |       ||    61
       Chain mail        |       |    24 |   132 |   152 |       |       ||   308
       Plate armour      |       |       |       |    24 |   279 |    65 ||   368
       Shadow dragon sca |       |       |       |       |       |   126 ||   126
Dodge: Dodged            |    25 |    24 |    57 |   101 |   164 |   113 ||   484
Block: Buckler           |    11 |     5 |    45 |       |       |       ||    61
       Kite shield       |       |       |    58 |   372 |       |       ||   430
       Reflection        |       |       |     2 |     2 |    40 |     9 ||    53
       Tower shield      |       |       |       |    42 |  1045 |   601 ||  1688

Table legend:
 A = Non-vault XP
 B = Vault XP
 C = Vault XP percentage of total XP
 D = Non-vault monster count
 E = Vault monster count
 F = Vault count percentage of total count
                 A         B        C        D         E       F
            +---------+---------+-------+---------+---------+-------
      Total |  132246 |   62365 |  32.0 |     596 |     212 |  26.2
            +---------+---------+-------+---------+---------+-------
        D:1 |      45 |       0 |   0.0 |      18 |       0 |   0.0
        D:2 |      48 |       0 |   0.0 |      14 |       0 |   0.0
        D:3 |      18 |     500 |  96.5 |      11 |       2 |  15.4
        D:4 |     312 |       0 |   0.0 |      21 |       0 |   0.0
        D:5 |     445 |       0 |   0.0 |      18 |       0 |   0.0
        D:6 |    1048 |     267 |  20.3 |      12 |       2 |  14.3
        D:7 |     944 |       0 |   0.0 |      20 |       0 |   0.0
        D:8 |    2116 |    1494 |  41.4 |      36 |      13 |  26.5
        D:9 |    1450 |     541 |  27.2 |      16 |      11 |  40.7
       D:10 |    4416 |     397 |   8.2 |      31 |       1 |   3.1
       D:11 |    2882 |    4179 |  59.2 |      12 |      13 |  52.0
       D:12 |    6370 |       0 |   0.0 |      20 |       0 |   0.0
       D:13 |    5667 |       0 |   0.0 |      15 |       0 |   0.0
       D:14 |   12279 |    7799 |  38.8 |      23 |      12 |  34.3
       D:15 |   10054 |    6202 |  38.2 |      20 |      17 |  45.9
     Lair:1 |    7481 |     887 |  10.6 |      37 |       3 |   7.5
     Lair:2 |    5878 |       0 |   0.0 |      21 |       0 |   0.0
     Lair:3 |    1908 |     659 |  25.7 |       8 |       3 |  27.3
     Lair:4 |    8348 |       0 |   0.0 |      32 |       0 |   0.0
     Lair:5 |    8638 |   11281 |  56.6 |      26 |      23 |  46.9
    Swamp:1 |    1404 |       0 |   0.0 |       4 |       0 |   0.0
   Spider:1 |   17021 |    6602 |  27.9 |      48 |      14 |  22.6
   Spider:2 |   21878 |    5913 |  21.3 |      51 |       7 |  12.1
   Spider:3 |    6598 |       0 |   0.0 |      20 |       0 |   0.0
      Orc:1 |    2508 |     805 |  24.3 |      28 |       2 |   6.7
      Orc:2 |    2490 |    9820 |  79.8 |      34 |      76 |  69.1
   Gauntlet |       0 |    5019 | 100.0 |       0 |      13 | 100.0
            +---------+---------+-------+---------+---------+-------
